 Dungeon Crawl Stone Soup version 0.26-a0-1101-g8f9f7f7418 (webtiles) character file.

Game seed: 3639502840112973052

625 tilp the Changer (level 7, -1/43 HPs)
             Began as an Octopode Transmuter on Dec 15, 2020.
             Was an Initiate of Gozag.
             Slain by an orc
             ... wielding a +0 hand axe
              (9 damage)
             ... on level 4 of the Dungeon.
             The game lasted 00:10:09 (5600 turns).

tilp the Changer (Octopode Transmuter)              Turns: 5600, Time: 00:10:09

Health: -1/43      AC:  1    Str: 10    XL:     7   Next: 47%
Magic:  12/12      EV: 13    Int: 17    God:    Gozag
Gold:   744        SH:  5    Dex: 12    Spells: 7/13 levels left

rFire    . . .     SeeInvis .     - Unarmed
rCold    . . .     Faith    .   j - +0 buckler
rNeg     . . .     Spirit   .   (helmet restricted)
rPois    .         Reflect  .   (no amulet)
rElec    .         Harm     .   (no ring)
rCorr    .         Rampage  .   (no ring)
Will     .....                  (no ring)
Stlth    +++.......             (no ring)
HPRegen  0.14/turn              (no ring)
MPRegen  0.13/turn              (no ring)
                                (no ring)
                                (no ring)

@: gold aura
A: almost no armour, stealthy swim, amphibious, 8 rings, constrict 8, camouflage
1, gelatinous body 1
a: Potion Petition, Call Merchant, Bribe Branch, Renounce Religion


You were on level 4 of the Dungeon.
You worshipped Gozag.
Gozag was pleased with you.
You visited 1 branch of the dungeon, and saw 4 of its levels.
You also visited: Sewer.

You collected 763 gold pieces.
You paid 19 gold pieces to Gozag.

Inventory:

Missiles
 b - 21 poisoned darts (quivered)
 e - 123 stones
 n - 2 javelins
Armour
 j - a +0 buckler (worn)
Jewellery
 g - an uncursed ring of poison resistance
Scrolls
 a - a scroll of amnesia
 d - 2 scrolls of fog
 f - 2 scrolls of teleportation
 i - 2 scrolls of blinking
 o - 3 scrolls of random uselessness {unknown}
Potions
 c - 8 potions of heal wounds
 h - 2 potions of brilliance {unknown}
 k - 4 potions of might {unknown}
 l - a potion of flight {unknown}
 m - 2 potions of curing
 p - 2 potions of degeneration {unknown}


   Skills:
 - Level 1.0 Fighting
 - Level 2.0 Dodging
 - Level 4.0 Stealth
 - Level 4.0 Shields
 - Level 3.0 Unarmed Combat
 + Level 3.5 Spellcasting
 + Level 5.2 Transmutations


You had 7 spell levels left.
You knew the following spells:

 Your Spells              Type           Power        Failure   Level
a - Beastly Appendage     Tmut           ###...       1%          1
b - Wereblood             Tmut           ###.....     3%          2
c - Spider Form           Tmut/Pois      ##........   17%         3

Your spell library contained the following spells:

 Spells                   Type           Power        Failure   Level
 Blade Hands              Tmut           ###.......   47%         5
 Ice Form                 Ice/Tmut       ##......     50%         4


Dungeon Overview and Level Annotations

Branches:
Dungeon (4/15)              Sewer (visited)
 Temple: D:4-7

Altars:
Gozag
Makhleb
Nemelex Xobeh
Qazlal
Xom
Yredelemnul

Annotations:
D:3 Grinder


Innate Abilities, Weirdness & Mutations

You cannot wear most types of armour.
You are very stealthy in the water. (Stealth+)
You are amphibious.
You can wear up to eight rings at the same time.
You can use your tentacles to constrict eight enemies at once.
Your skin changes colour to match your surroundings (Stealth+).
Your rubbery body absorbs attacks. (AC +1, EV +1)


Message History

* * * LOW HITPOINT WARNING * * *
The orc wizard hits you with a +0 dagger.
* * * LOW HITPOINT WARNING * * *
Unknown command.
You tentacle-slap the orc wizard.
The orc wizard is severely wounded.
You constrict the worker ant. You constrict the orc wizard.
The worker ant misses you. You block the orc wizard's attack.
The orc hits you with a +0 hand axe.
* * * LOW HITPOINT WARNING * * *
The worker ant barely misses you.
You tentacle-slap the worker ant but do no damage.
You tentacle-slap the worker ant, but do no damage.
The worker ant is heavily wounded.
You constrict the worker ant, but do no damage.
You constrict the orc wizard.
You kill the orc wizard!
The orc hits you with a +0 hand axe!
You die...
Your body crumbles into a pile of gold.

.## o. .# .# .. .. .# .#
#. .# .# .# #. .# .# .#
#.###. .##.### .#
#.....#....... . .###
##.## .# ...
.(.#########(..##o#.....
...........$($($@$'.....
.#.#########...##B#.....
##.# ##.## .# ... ##.#
### .# . #.# .# #.# .#
#.# #. #.# # #.#


You could see a worker ant and an orc.

Vanquished Creatures
  A big kobold (Sewer)
  2 howler monkeys (D:4)
  A centaur skeleton (D:4)
  4 orc wizards (D:4)
  A worker ant (D:4)
  7 adders
  7 gnolls (D:3)
  9 river rats
  An ooze (Sewer)
  2 worms (D:3)
  A dart slug (D:3)
  A leopard gecko (D:3)
  8 orcs
  6 giant cockroaches
  7 goblins
  5 hobgoblins
  2 jackals (D:3)
  2 quokkas (D:3)
  6 ball pythons
  7 bats
  7 frilled lizards
  23 kobolds
  22 rats
132 creatures vanquished.

Notes
Turn   | Place    | Note
-------+----------+-------------------------------------------
     0 | D:1      | tilp the Octopode Transmuter began the quest for the Orb.
     0 | D:1      | Reached XP level 1. HP: 13/13 MP: 3/3
   365 | D:1      | Reached XP level 2. HP: 14/18 MP: 3/5
   368 | D:1      | Learned a level 2 spell: Wereblood
   647 | D:1      | Reached skill level 3 in Transmutations
  1309 | D:2      | Found an opulent altar of Gozag.
  1324 | D:2      | Became a worshipper of Gozag Ym Sagoz the Greedy
  1451 | D:2      | Found a sparkling altar of Nemelex Xobeh.
  1669 | D:2      | Reached XP level 3. HP: 21/23 MP: 4/6
  1713 | D:2      | Found a burning altar of Makhleb.
  1713 | D:2      | Noticed a blizzard demon
  1721 | D:2      | Noticed a ynoxinul
  1721 | D:2      | Noticed a hellwing
  2046 | D:3      | Found a basalt altar of Yredelemnul.
  2130 | D:3      | Reached skill level 4 in Transmutations
  2225 | D:3      | Found a stormy altar of Qazlal.
  2240 | D:3      | Reached XP level 4. HP: 19/28 MP: 5/7
  2243 | D:3      | Reached skill level 1 in Stealth
  2289 | D:3      | Found a glowing drain.
  2297 | D:3      | Reached skill level 1 in Shields
  2342 | D:3      | Reached XP level 5. HP: 10/33 MP: 6/8
  2424 | Sewer    | Entered a sewer
  2686 | Sewer    | Noticed a big kobold
  2697 | Sewer    | Killed a big kobold
  2952 | Sewer    | Reached XP level 6. HP: 32/38 MP: 5/9
  3848 | D:3      | Noticed Grinder
  4228 | D:3      | Learned a level 3 spell: Spider Form
  4713 | D:4      | Found a shimmering altar of Xom.
  4912 | D:4      | Reached XP level 7. HP: 27/43 MP: 7/11
  5576 | D:4      | Reached skill level 5 in Transmutations
  5600 | D:4      | Slain by an orc

Illustrated notes

Levels and vault maps discovered:
D:1:      elethiomel_arrival_infinity_welcomes_careful_drivers, layout_basic
D:2:      layout_basic, makhleb_altar_promises_db, grunt_gozag_statues,
          nemelex_xobeh_ov_fountains_minmay
D:3:      layout_loops_cross, general_overflow_altar, old_standard_altar,
          cheibrodos_sewer_entry_sluice, minmay_increasing_density, uniq_grinder
D:4:      layout_loops_corners, xom_teletrap_fun

Skill      XL: |  1  2  3  4  5  6  7 |
---------------+----------------------+-----
Transmutations | 3 4 5 |  5.2
Stealth        | 2 4 |  4.0
Shields        | 1 3 4 |  4.0
Spellcasting   | 3 |  3.5
Fighting       | |  1.0
Dodging        | |  2.0
Unarmed Combat | |  3.0

Action                   |  1- 3 |  4- 6 |  7- 9 || total
-------------------------+-------+-------+-------++-------
Melee: Unarmed           |    78 |   181 |    41 ||   300
       Constrict         |    23 |    58 |    11 ||    92
       Kick              |    15 |    41 |    10 ||    66
       Tentacles         |     9 |    28 |    11 ||    48
       Punch             |       |     3 |     3 ||     6
Throw: Dart              |       |       |    13 ||    13
 Cast: Beastly Appendage |    24 |    24 |     3 ||    51
       Wereblood         |     1 |    12 |     1 ||    14
  Use: Scroll            |     5 |     3 |       ||     8
       Potion            |       |     3 |       ||     3
 Stab: Sleeping          |     5 |     8 |       ||    13
       Distracted        |     1 |     1 |       ||     2
Armor: Skin              |     6 |     6 |     3 ||    15
Dodge: Dodged            |    42 |    88 |    20 ||   150
Block: Buckler           |       |    20 |     5 ||    25

Table legend: (Time is in decaauts)
 A = Elapsed time spent in this place.
 B = Non-inter-level travel time spent in this place.
 C = Inter-level travel time spent in this place.
 D = Time resting spent in this place.
 E = Time spent auto-exploring this place.
 F = Levels seen in this place.
 G = Mean time per level.
                   A        B        C        D        E       F      G
               +--------+--------+--------+--------+--------+-----+--------+
         Total |   5583 |   5437 |    146 |   1596 |   2598 |   5 | 1116.6 |
       Dungeon |   4241 |   4095 |    146 |    988 |   2267 |   4 | 1060.2 |
         Sewer |   1342 |   1342 |      0 |    608 |    331 |   1 | 1342.0 |
               +--------+--------+--------+--------+--------+-----+--------+

Top non-repeatable levels by time:
   Sewer: 1342 daAuts
     D:3: 1272 daAuts
     D:2: 1129 daAuts
     D:1: 956 daAuts
     D:4: 883 daAuts
